 Dungeon Crawl Stone Soup version 0.26-a0-665-gefeb406 (webtiles) character file.

Game seed: 13286534553138767990

4893 Mopster the Cleaver (level 10, -4/90 HPs)
             Began as a Minotaur Berserker on Oct 14, 2020.
             Was an Elder of Trog.
             Slain by Snorg (10 damage)
             ... on level 10 of the Dungeon.
             The game lasted 00:33:27 (8414 turns).

Mopster the Cleaver (Minotaur Berserker)            Turns: 8414, Time: 00:33:27

Health: -4/90      AC: 15    Str: 26    XL:     10   Next: 26%
Magic:  9/9        EV:  9    Int:  4    God:    Trog [****..]
Gold:   494        SH:  0    Dex:  9    Spells: 9/9 levels left

rFire    . . .     SeeInvis .   t - +0 war axe
rCold    . . .     Faith    .   (no shield)
rNeg     . . .     Spirit   .   p - +0 plate armour
rPois    .         Reflect  .   (helmet restricted)
rElec    .         Harm     .   (no cloak)
rCorr    .         Rampage  .   c - +0 pair of gloves
MR       +....                  (no boots)
Stlth    ..........             d - amulet of the acrobat
HPRegen  0.25/turn              l - ring of protection from magic
MPRegen  0.11/turn              (no ring)

@: berserk cooldown, slowed, very slow
A: retaliatory headbutt, horns 2
a: Berserk, Trog's Hand, Brothers in Arms, Renounce Religion


You were on level 10 of the Dungeon.
You worshipped Trog.
Trog was greatly pleased with you.
You visited 1 branch of the dungeon, and saw 10 of its levels.

You collected 536 gold pieces.
You spent 42 gold pieces at shops.

Inventory:

Hand Weapons
 a - a +1 hand axe of freezing
 j - a +0 dire flail
 t - a +0 war axe (weapon)
 w - a +2 hand axe of flaming
Armour
 c - a +0 pair of gloves (worn)
 m - a +1 chain mail
 p - a +0 plate armour (worn)
 s - +0 swamp dragon scales
Jewellery
 d - an amulet of the acrobat (around neck)
 l - a ring of protection from magic (left hand)
Wands
 f - a wand of paralysis (18)
 h - a wand of flame (37)
 i - a wand of iceblast (22)
 v - a wand of digging (3)
 x - a wand of acid (11)
 A - a wand of random effects (15)
 B - a wand of polymorph (10)
Scrolls
 g - 2 scrolls of enchant armour
 k - 4 scrolls of remove curse
 n - a scroll of enchant weapon
 o - a scroll of noise
 r - a scroll of identify
 y - a scroll of teleportation
Potions
 b - a potion of invisibility
 e - a potion of stabbing
 q - a potion of resistance
 u - a potion of curing
 z - 2 potions of heal wounds
 C - 3 potions of flight {unknown}


   Skills:
 + Level 8.9 Fighting
 + Level 12.3 Axes
 + Level 9.7 Armour
 + Level 5.1 Dodging
 + Level 0.8 Evocations


You had 9 spell levels left.
You didn't know any spells.
Your spell library contained the following spells:

 Spells                   Type           Power        Failure   Level
 Animate Skeleton         Necr           #.....       99%         1
 Apportation              Tloc           #.....       99%         1
 Corona                   Hex            #......      99%         1
 Magic Dart               Conj           #...         99%         1
 Summon Small Mammal      Summ           #...         99%         1
 Blink                    Tloc           N/A          100%        2
 Call Imp                 Summ           #.......     100%        2
 Slow                     Hex            #.......     100%        2
 Conjure Flame            Conj/Fire      #.......     100%        3
 Mephitic Cloud           Conj/Pois/Air  #.......     100%        3


Dungeon Overview and Level Annotations

Branches:
Dungeon (10/15)            Temple (0/1) D:7            Lair (0/6) D:9
    Orc: D:9-12

Altars:
Cheibriados
Gozag
Qazlal
Ru
Uskayaw
Vehumet
Wu Jian
Xom
Yredelemnul
The Shining One

Shops:
D:7 (   D:9 :

Annotations:
D:10 Snorg


Innate Abilities, Weirdness & Mutations

You reflexively headbutt those who attack you in melee.
You have a pair of horns on your head.


Message History

Snorg is severely wounded.
Snorg bites you but does no damage. Snorg claws you.
* * * LOW HITPOINT WARNING * * *
Snorg claws you but does no damage.
Unknown command.
Unknown command.
You slice Snorg!! Your headbutt misses Snorg.
Snorg is almost dead.
Unknown command.
Unknown command.
You feel a strong urge to attack something.
You are no longer berserk.
You are exhausted.
You feel yourself slow down.
You slash Snorg! Your headbutt misses Snorg.
Snorg is almost dead.
Snorg closely misses you. Snorg claws you!
* * * LOW HITPOINT WARNING * * *
Snorg claws you!
You die...

##.. .. #..# ...
...##.# ......
#.... #..######
####)<......
#.T.)....#
#@###.##.#
######.###.# .#
#..........##.###
#.####.##.......
#.##...#.#
#..>.....#
####...### ##.##
#.#


You could see Snorg (berserk).

Vanquished Creatures
  Maggie (D:7)
  A komodo dragon (D:9)
  Grinder (D:5)
  A yak (D:9)
  A wyvern (D:8)
  Eustachio (D:6)
  Menkaure (D:5)
  Edmund (D:6)
  2 sky beasts (D:9)
  4 ice beasts
  4 black bears
  An orc warrior (D:9)
  2 phantoms
  6 ogres
  A centaur (D:9)
  5 bullfrogs
  A water moccasin zombie (D:9)
  2 scorpions
  A water moccasin skeleton (D:4)
  3 killer bees (D:9)
  4 howler monkeys
  2 centaur zombies
  5 hounds
  A centaur skeleton (D:7)
  2 orc priests
  A gnoll shaman (D:6)
  A bullfrog skeleton (D:4)
  3 orc wizards
  5 worker ants
  2 iguanas
  A hound zombie (D:7)
  Robin (D:3)
  9 gnolls
  9 adders
  A shadow imp (D:5)
  5 white imps
  2 ufetubi (D:7)
  A worm (D:3)
  A dart slug (D:2)
  6 leopard geckos
  18 orcs
  11 bats
  3 giant cockroaches
  13 goblins
  7 hobgoblins
  14 jackals
  5 kobolds
  3 quokkas
  2 ball pythons
  11 frilled lizards
  A quokka zombie (D:8)
  3 rats
193 creatures vanquished.

Vanquished Creatures (others)
  33 fungi (D:9)
  38 plants
71 creatures vanquished.

Grand Total: 264 creatures vanquished

Notes
Turn   | Place    | Note
-------+----------+-------------------------------------------
     0 | D:1      | Mopster the Minotaur Berserker began the quest for the Orb.
     0 | D:1      | Reached XP level 1. HP: 19/19 MP: 0/0
   328 | D:1      | Reached XP level 2. HP: 27/27 MP: 1/1
   527 | D:1      | Reached skill level 4 in Axes
  1102 | D:2      | Reached XP level 3. HP: 23/33 MP: 2/2
  1355 | D:2      | Found a snail-covered altar of Cheibriados.
  1441 | D:2      | Reached ** piety under Trog
  1441 | D:2      | Reached XP level 4. HP: 41/41 MP: 3/3
  1538 | D:2      | Found a radiant altar of Vehumet.
  1632 | D:2      | Found an opulent altar of Gozag.
  1741 | D:2      | Reached skill level 5 in Axes
  1986 | D:3      | Reached XP level 5. HP: 47/47 MP: 4/4
  2221 | D:3      | Found a hide-covered altar of Uskayaw.
  2227 | D:3      | Found a basalt altar of Yredelemnul.
  2346 | D:3      | Noticed Robin
  2358 | D:3      | Reached *** piety under Trog
  2363 | D:3      | Killed Robin
  2587 | D:4      | Reached skill level 5 in Fighting
  2738 | D:4      | Found a glowing golden altar of the Shining One.
  2742 | D:4      | Reached skill level 6 in Axes
  2987 | D:4      | Reached XP level 6. HP: 40/56 MP: 5/5
  3353 | D:5      | Entered Level 5 of the Dungeon
  3510 | D:5      | Noticed Grinder
  3531 | D:5      | Killed Grinder
  3531 | D:5      | Reached skill level 7 in Axes
  3531 | D:5      | Reached XP level 7. HP: 39/62 MP: 6/6
  3760 | D:5      | Noticed Menkaure
  3783 | D:5      | Killed Menkaure
  3783 | D:5      | Reached skill level 5 in Armour
  3907 | D:5      | Found a shimmering altar of Xom.
  3949 | D:5      | Reached skill level 8 in Axes
  4074 | D:5      | Found a sacrificial altar of Ru.
  4132 | D:5      | You fall into a shaft and drop 2 floors!
  4154 | D:6      | Found a stormy altar of Qazlal.
  4154 | D:6      | Noticed a fire elemental
  4157 | D:6      | Noticed a water elemental
  4157 | D:6      | Noticed an air elemental
  4175 | D:6      | Reached XP level 8. HP: 46/70 MP: 7/7
  4732 | D:6      | Reached skill level 9 in Axes
  4781 | D:6      | Noticed Eustachio
  4813 | D:6      | Killed Eustachio
  4920 | D:6      | Noticed Edmund
  4927 | D:6      | Killed Edmund
  5164 | D:6      | Reached skill level 10 in Axes
  5254 | D:7      | Found a staircase to the Ecumenical Temple.
  5277 | D:7      | Noticed Maggie
  5286 | D:7      | Killed Maggie
  5286 | D:7      | Reached XP level 9. HP: 65/79 MP: 8/8
  5358 | D:7      | Reached **** piety under Trog
  5417 | D:7      | Found Aveirr's Weapon Shoppe.
  5426 | D:7      | Bought a +0 war axe for 42 gold pieces
  6052 | D:8      | Reached skill level 11 in Axes
  6421 | D:8      | Found an ornate altar of the Wu Jian Council.
  6864 | D:8      | Reached skill level 5 in Dodging
  7035 | D:8      | Noticed a lindwurm
  7035 | D:8      | Noticed a lindwurm
  7036 | D:8      | Noticed a lindwurm
  7039 | D:8      | Noticed a lindwurm
  7077 | D:9      | Found Zivaecel's Book Shop.
  7321 | D:9      | Reached XP level 10. HP: 90/90 MP: 9/9
  7324 | D:9      | Found a staircase to the Lair.
  7385 | D:9      | Reached skill level 12 in Axes
  8321 | D:10     | Entered Level 10 of the Dungeon
  8393 | D:10     | Noticed Snorg
  8414 | D:10     | Slain by Snorg

Illustrated notes

Levels and vault maps discovered:
D:1:      dpeg_arrival_signposts, layout_basic
D:2:      layout_basic, lemuel_round_altar, cheibriados_altar_1,
          grunt_gozag_statues, minmay_between
D:3:      layout_loops_ring, minitemple, uniq_robin
D:4:      layout_basic, nicolae_tso_swordbearing_angel
D:5:      layout_gridville, kennysheep_mini_moat,
          nicolae_ru_the_path_less_chosen, uniq_menkaure, uniq_grinder
D:6:      layout_basic, nicolae_qazlal_style_of_elements, uniq_eustachio,
          uniq_edmund
D:7:      layout_loops_cross, minmay_temple_entry_statues_fountains,
          serial_shops, shop, lightli_ossuary_entry_decrepit_ruins, uniq_maggie
D:8:      layout_loops_ring, marbit_many_paths, minmay_lindwurm_lava
D:9:      layout_cave_pods, due_lair_maze_entry_diamond, serial_shops,
          nicolae_shop_crystal
D:10:     kennysheep_seaside_town, layout_loops_corners, serial_shops, shop,
          uniq_snorg, uniq_fannar, uniq_urug

Skill      XL: |  1  2  3  4  5  6  7  8  9 10 |
---------------+-------------------------------+-----
Axes           | 4 5 6 7 8 10 11 12 | 12.3
Fighting       | 4 5 6 7 8 |  8.9
Dodging        | 3 4 5 |  5.1
Armour         | 3 4 5 7 9 |  9.7
Evocations     | |  0.8

Action                   |  1- 3 |  4- 6 |  7- 9 | 10-12 || total
-------------------------+-------+-------+-------+-------++-------
Melee: Hand axe          |    65 |    95 |   148 |       ||   308
       Headbutt          |     5 |    21 |    44 |    14 ||    84
       War axe           |       |       |   110 |    88 ||   198
Invok: Berserk           |     1 |     4 |     5 |     2 ||    12
       Trog's Hand       |       |       |     2 |       ||     2
Evoke: Wand              |       |       |     1 |       ||     1
  Use: Potion            |     1 |       |     7 |       ||     8
       Scroll            |       |       |    11 |       ||    11
Armor: Animal skin       |    16 |       |       |       ||    16
       Skin              |     1 |       |       |       ||     1
       Ring mail         |       |    11 |       |       ||    11
       Chain mail        |       |    14 |   116 |    12 ||   142
       Plate armour      |       |       |       |    25 ||    25
Dodge: Dodged            |    56 |    68 |   152 |    45 ||   321

Table legend: (Time is in decaauts)
 A = Elapsed time spent in this place.
 B = Non-inter-level travel time spent in this place.
 C = Inter-level travel time spent in this place.
 D = Time resting spent in this place.
 E = Time spent auto-exploring this place.
 F = Levels seen in this place.
 G = Mean time per level.
                   A        B        C        D        E       F      G
               +--------+--------+--------+--------+--------+-----+--------+
         Total |   8492 |   7325 |   1167 |    280 |   5501 |  10 |  849.2 |
       Dungeon |   8492 |   7325 |   1167 |    280 |   5501 |  10 |  849.2 |
               +--------+--------+--------+--------+--------+-----+--------+

Top non-repeatable levels by time:
     D:9: 1263 daAuts
     D:8: 1111 daAuts
     D:5: 1036 daAuts
     D:1: 989 daAuts
     D:2: 963 daAuts
     D:6: 881 daAuts
     D:4: 817 daAuts
     D:7: 727 daAuts
     D:3: 616 daAuts
    D:10: 86 daAuts
